 Dungeon Crawl Stone Soup version 0.30-a0-557-ge2afbf3030 (webtiles) character file.

Game seed: 2849752042976808556

42 hikkokomori the Sneak (level 3, -3/17 HPs)
             Began as a Spriggan Enchanter on Dec 28, 2022.
             Slain by a gnoll
             ... wielding a +0 spear
              (5 damage)
             ... on level 2 of the Dungeon.
             The game lasted 00:02:38 (959 turns).

hikkokomori the Sneak (Spriggan Enchanter)           Turns: 959, Time: 00:02:38

Health: -3/17      AC:  2    Str:  4    XL:     3   Next: 33%
Magic:  0/8        EV: 17    Int: 16    God:
Gold:   20         SH:  0    Dex: 17    Spells: 5/7 levels left

rFire   . . .      SeeInvis +    a - +1 dagger
rCold   . . .      Faith    .    (no shield)
rNeg    . . .      Spirit   .    b - +0 robe
rPois   .          Reflect  .    (helmet restricted)
rElec   .          Harm     .    (no cloak)
rCorr   .          Rampage  .    (gloves unavailable)
Will    .....                    (boots unavailable)
Stlth   +++                      (no amulet)
HPRegen 0.22/turn                (no ring)
MPRegen 0.11/turn                (no ring)

@: very slightly contaminated, very quick
A: very small, no large weapons, unfitting armour, see invisible, speed 3
a: no special abilities


You were on level 2 of the Dungeon.
You visited 1 branch of the dungeon, and saw 2 of its levels.

You collected 20 gold pieces.

Inventory:

Hand Weapons
 a - a +1 dagger (weapon)
Missiles
 n - a throwing net (quivered)
Armour
 b - a +0 robe (worn)
Jewellery
 k - a ring of ice
Scrolls
 d - a scroll of magic mapping {unknown}
 e - 2 scrolls of teleportation {unknown}
 g - a scroll of poison {unknown}
 i - a scroll of identify {unknown}
 j - 2 scrolls of fog
 l - a scroll of vulnerability {unknown}
Potions
 c - 2 potions of invisibility
 f - a potion of magic {unknown}
 h - 2 potions of attraction {unknown}
 m - a potion of heal wounds {unknown}


   Skills:
 + Level 0.4 Fighting
 + Level 1.8 Short Blades
 - Level 2.9 Dodging
 * Level 5.1 Stealth
 - Level 2.9 Spellcasting
 * Level 4.2 Hexes


You had 5 spell levels left.
You knew the following spells:

 Your Spells              Type           Power      Damage    Failure   Level
a - Ensorcelled Hibernat  Hex/Ice        18%        N/A       12%         2

Your spell library contained the following spells:

 Spells                   Type           Power      Damage    Failure   Level
 Confusing Touch          Hex            15%        N/A       10%         3
 Tukima's Dance           Hex            15%        N/A       10%         3
 Dazzling Flash           Conj/Hex       18%        N/A       24%         3


Dungeon Overview and Level Annotations

Branches:
Dungeon (2/15)

Altars:


Innate Abilities, Weirdness & Mutations

You are very small and have problems with some larger weapons.
You are too small for most types of armour.
You have supernaturally acute eyesight. (SInv)
You cover ground extremely quickly. (Speed+++)


Message History

The gnoll resists with significant effort.
The frilled lizard hisses angrily.
Casting: Ensorcelled Hibernation (safe; 12% risk of failure)
Confirm with . or Enter, or press ? or * to list all spells.
Aiming: Ensorcelled Hibernation (safe; 12% risk of failure)
Press: ? - help, Shift-Dir - straight line, f/p - gnoll
Aim: a gnoll, wielding a +0 spear (chance to affect: 51%)
The gnoll resists with significant effort.
Casting: Ensorcelled Hibernation (safe; 12% risk of failure)
Confirm with . or Enter, or press ? or * to list all spells.
Aiming: Ensorcelled Hibernation (safe; 12% risk of failure)
Press: ? - help, Shift-Dir - straight line, f/p - gnoll
Aim: a gnoll, wielding a +0 spear (chance to affect: 51%)
You miscast Ensorcelled Hibernation.
You are very lightly contaminated with residual magic.
Nothing appears to happen.
The gnoll hits you from afar with a +0 spear.
Unknown command.
Casting: Ensorcelled Hibernation (safe; 12% risk of failure)
Confirm with . or Enter, or press ? or * to list all spells.
Aiming: Ensorcelled Hibernation (safe; 12% risk of failure)
Press: ? - help, Shift-Dir - straight line, f/p - gnoll
Aim: a gnoll, wielding a +0 spear (chance to affect: 51%)
The gnoll looks drowsy...
You closely miss the frilled lizard.
The gnoll shouts!
The frilled lizard barely misses you.
The gnoll hits you from afar with a +0 spear.
You hear a shout!
You hit the frilled lizard.
You kill the frilled lizard!
The gnoll hits you but does no damage.
You see here a frilled lizard corpse.
You barely miss the gnoll. The gnoll hits you with a +0 spear!
Ouch! That really hurt!
* * * LOW HITPOINT WARNING * * *
You hit the gnoll.
The gnoll is lightly wounded.
The gnoll hits you with a +0 spear.
You die...

.................#.##..#.#
.#..#....###.....#.##....#
#..#.#..###.)...#.#####.#
#..#.#......#####.#####.#
#.......##### #.......###
####.#### #######...##
######.############ ### #.#..#
#...........##.###.###.###.##.#
#.####.####.#..@g....K......#.#
#. #...##.###.###.##...# #.
###.#...........#.#.# #.
#...##.###.##...#.# ..
#.#.#.......#.#.#.# ##
..#)..##.##...#...#
##.#.#.#...#.#.#.#.#
#...#...8...#...#.#
#.#.#.#...#.#.#.# #


You could see a gnoll and a kobold.

Vanquished Creatures
  A gnoll (D:2)
  A dart slug (D:1)
  3 bats
  4 endoplasms
  4 goblins (D:1)
  A hobgoblin (D:1)
  4 kobolds
  4 quokkas (D:1)
  A ball python (D:1)
  4 frilled lizards
27 creatures vanquished.

Notes
Turn   | Place    | Note
-------+----------+-------------------------------------------
     0 | D:1      | hikkokomori the Spriggan Enchanter began the quest for the
                  | Orb.
     0 | D:1      | Reached XP level 1. HP: 9/9 MP: 5/5
   160 | D:1      | Reached XP level 2. HP: 13/13 MP: 6/6
   796 | D:2      | Reached skill level 5 in Stealth
   796 | D:2      | Reached XP level 3. HP: 16/16 MP: 8/8
   890 | D:2      | Learned a level 2 spell: Ensorcelled Hibernation
   959 | D:2      | Slain by a gnoll

Illustrated notes

Levels and vault maps discovered:
D:1:      scummos_arrival_hexagon, layout_loops_ring
D:2:      layout_loops_cross, nicolae_concentric_dashed_squares_wild,
          nrook_loot_triangle

Skill      XL: |  1  2 |
---------------+-------+-----
Hexes          | 4 |  4.2
Stealth        | 5 |  5.1
Fighting       | |  0.4
Short Blades   | |  1.8
Dodging        | |  2.9
Spellcasting   | |  2.9

Action                   || total
-------------------------++-------
Melee: Dagger            ||    47
       Punch             ||     1
 Cast: Ensorcelled Hiber ||     3
  Use: Scroll            ||     1
 Stab: Sleeping          ||    18
Armor: Robe              ||     1
Dodge: Dodged            ||    18

Table legend: (Time is in decaauts)
 A = Elapsed time spent in this place.
 B = Non-inter-level travel time spent in this place.
 C = Inter-level travel time spent in this place.
 D = Time resting spent in this place.
 E = Time spent auto-exploring this place.
 F = Levels seen in this place.
 G = Mean time per level.
                   A        B        C        D        E       F      G
               +--------+--------+--------+--------+--------+-----+--------+
         Total |    630 |    602 |     28 |      0 |    454 |   2 |  315.0 |
       Dungeon |    630 |    602 |     28 |      0 |    454 |   2 |  315.0 |
               +--------+--------+--------+--------+--------+-----+--------+

Top non-repeatable levels by time:
     D:1: 515 daAuts
     D:2: 115 daAuts
